 Dungeon Crawl Stone Soup version 0.28.0-53-g5a82cb258f (webtiles) character file.

Game seed: 8342082689354414372

46 Gabide the Insei (level 3, -2/20 HPs)
             Began as a Vine Stalker Monk on June 1, 2022.
             Was a Priest of Elyvilon.
             Slain by Natasha (5 damage)
             ... on level 2 of the Dungeon.
             The game lasted 00:02:06 (1904 turns).

Gabide the Insei (Vine Stalker Monk)                Turns: 1904, Time: 00:02:08

Health: -2/20      AC:  5    Str: 13    XL:     3   Next: 66%
Magic:  0/4        EV: 12    Int: 13    God:    Elyvilon [***...]
Gold:   65         SH:  0    Dex: 18    Spells: 2/2 levels left

rFire   . . .      SeeInvis .     - Unarmed
rCold   . . .      Faith    .   (no shield)
rNeg    . . .      Spirit   +   i - +0 leather armour
rPois   .          Reflect  .   h - +1 helmet {Int+3}
rElec   .          Harm     .   (no cloak)
rCorr   .          Rampage  .   (no gloves)
Will    .....                   (no boots)
Stlth   ++........              (no amulet)
HPRegen 0.06/turn               (no ring)
MPRegen 0.09/turn               (no ring)

@: about to teleport
A: fangs 2, magic shield, antimagic bite, no potion heal 2
a: Renounce Religion, Purification, Heal Other, Heal Self


You were on level 2 of the Dungeon.
You worshipped Elyvilon.
Elyvilon was most pleased with you.
You visited 1 branch of the dungeon, and saw 2 of its levels.

You collected 65 gold pieces.

Inventory:

Armour
 a - a +0 robe
 h - a +1 helmet of intelligence (worn)
 i - a +0 leather armour (worn)
Scrolls
 b - a scroll of identify {unknown}
 d - a scroll of teleportation
 f - a scroll of amnesia {unknown}
Potions
 c - 2 potions of curing {unknown}
 e - a potion of lignification {unknown}
 g - a potion of ambrosia {unknown}


   Skills:
 + Level 3.2 Fighting
 + Level 2.9 Dodging
 - Level 2.4 Stealth
 + Level 3.5 Unarmed Combat


You had 2 spell levels left.
You didn't know any spells.
Your spell library contained the following spells:

 Spells                   Type           Power      Damage    Failure   Level
 Tukima's Dance           Hex            0%         N/A       75%         3
 Anguish                  Hex/Necr       0%         N/A       98%         4
 Enfeeble                 Hex            0%         N/A       100%        7


Dungeon Overview and Level Annotations

Branches:
Dungeon (2/15)

Altars:
Elyvilon
Trog

Shops:
D:1 ?

Annotations:
D:2 Natasha


Innate Abilities, Weirdness & Mutations

You have extremely sharp teeth.
When hurt, damage is shared between your health and your magic reserves.
Your bite disrupts and absorbs the magic of your enemies.
Potions cannot restore your health.


Message History

The iron imp hits you but does no damage.
Natasha barely misses you.
You completely miss Natasha.
Natasha is heavily wounded.
Natasha falters for a moment.
The iron imp misses you.
You hit Natasha but do no damage.
Natasha is heavily wounded.
Natasha drinks a potion.
Natasha flickers and vanishes!
Deactivating autopickup; reactivate with Ctrl-A.
You barely miss the iron imp.
You bite the iron imp, but do no damage.
The iron imp barely misses you. Something claws you.
You closely miss the iron imp.
You bite the iron imp, but do no damage.
The iron imp hits you!
* * * LOW HITPOINT WARNING * * *
Something barely misses you.
You are too injured to fight recklessly!
You are too injured to fight recklessly!
You are too injured to fight recklessly!
You are too injured to fight recklessly!
You are too injured to fight recklessly!
You are too injured to fight recklessly!
You are too injured to fight recklessly!
You are too injured to fight recklessly!
You are too injured to fight recklessly!
You are too injured to fight recklessly!
You are too injured to fight recklessly!
You are too injured to fight recklessly!
You are too injured to fight recklessly!
You are too injured to fight recklessly!
Okay, then.
Okay, then.
As you read the scroll of teleportation, it crumbles to dust.
You feel strangely unstable.
The iron imp grinds its teeth.
The iron imp hits you! Elyvilon protects you from harm! Something claws you.
You die...

.# #.# #.#
.## ..#
#.# ..##
#.## ...##
# #..#
....##<#
##.#
##.....#
#.#
.##^#.##
#.#
..รท.#.#
#5#
.##.#.#
#@#
)#....##
#{#
)#####.##
#.#
#'(.(##.#
..#
#?....#.#
###
#!..?)#.#
#.....#.#
##...##.#
.#####....


You could see an iron imp (summoned).

Vanquished Creatures
  A worm (D:2)
  A dart slug (D:1)
  3 ball pythons
  3 endoplasms
  A giant cockroach (D:2)
  6 goblins
  4 hobgoblins
  A jackal (D:2)
  2 bats
  5 frilled lizards
  6 kobolds
  3 rats
36 creatures vanquished.

Notes
Turn   | Place    | Note
-------+----------+-------------------------------------------
     0 | D:1      | Gabide the Vine Stalker Monk began the quest for the Orb.
     0 | D:1      | Reached XP level 1. HP: 11/11 MP: 2/2
   333 | D:1      | Found Coebb's Magic Scroll Shop.
   557 | D:1      | Reached XP level 2. HP: 16/16 MP: 3/3
   625 | D:1      | Found a faded altar of an unknown god.
   642 | D:1      | Prayed at the altar of an unknown god.
   642 | D:1      | Became a worshipper of Elyvilon the Healer
   642 | D:1      | Reached * piety under Elyvilon
   642 | D:1      | Reached ** piety under Elyvilon
   994 | D:2      | Reached *** piety under Elyvilon
  1108 | D:2      | Reached XP level 3. HP: 16/20 MP: 4/4
  1714 | D:2      | Found a bloodstained altar of Trog.
  1889 | D:2      | Noticed Natasha
  1904 | D:2      | Elyvilon protects you from harm!
  1904 | D:2      | Slain by Natasha

Illustrated notes

Levels and vault maps discovered:
D:1:      dpeg_arrival_arbitrary_c, layout_basic, serial_shops,
          nicolae_shop_waterfront, ebering_ecumenical_altar_sacrificial,
          hangedman_decor_opposing
D:2:      layout_loops_ring, basic_altar, minmay_joined_circles, uniq_natasha

Skill      XL: |  1  2 |
---------------+-------+-----
Fighting       | 3 |  3.2
Dodging        | |  2.9
Stealth        | |  2.4
Unarmed Combat | |  3.5

Action                   || total
-------------------------++-------
Melee: Unarmed           ||   114
       Bite              ||    35
       Punch             ||     3
  Use: Scroll            ||     3
 Stab: Sleeping          ||     3
Armor: Robe              ||    10
       Leather armour    ||     4
Dodge: Dodged            ||    55
